 Dungeon Crawl Stone Soup version 0.28-a0-1594-ga885d4b3d6 (webtiles) character file.

Game seed: 17291229800282834511

169861 a3don the Summoner (level 17, 0/102 HPs)
             Began as a Tengu Ice Elementalist on Jan 20, 2022.
             Was a High Priest of Vehumet.
             Succumbed to a fenstrider witch's toxic sludge
             ... while paralysed by a fenstrider witch
             ... on level 2 of the Swamp on Jan 21, 2022.
             The game lasted 04:02:01 (48550 turns).

a3don the Summoner (Tengu Ice Elementalist)        Turns: 48550, Time: 04:02:02

Health: 0/102      AC: 12    Str: 13      XL:     17   Next: 68%
Magic:  29/32      EV:  2    Int: 26      God:    Vehumet [*****.]
Gold:   2161       SH:  0    Dex: 23 (25) Spells: 3/36 levels left

rFire   + . .      SeeInvis .   s - +7 flail of Wenooh {distort, +Blink rPois Dex+4}
rCold   + . .      Faith    .   H - +2 buckler
rNeg    . . .      Spirit   .   I - +2 robe {rF+}
rPois   +          Reflect  +   Y - +2 hat
rElec   .          Harm     .   R - +2 cloak
rCorr   +          Rampage  .   F - +2 pair of gloves
Will    .....                   (boots unavailable)
Stlth   ++++......              O - amulet of reflection
HPRegen 0.27/turn               u - ring "Widewn" {rC+ Will- rCorr Dex+7}
MPRegen 0.23/turn               x - +6 ring of intelligence

@: paralysed, lethally poisoned (0 -> -7), flying quickly and evasively, quick
A: beak, talons 3, nimble flight
}: 1/15 runes: gossamer
a: Renounce Religion, Evoke Blink


You were on level 2 of the Swamp.
You worshipped Vehumet.
Vehumet was extremely pleased with you.
You visited 6 branches of the dungeon, and saw 26 of its levels.

You collected 2209 gold pieces.
You spent 48 gold pieces at shops.

Inventory:

Hand Weapons
 b - a +0 hunting sling
 s - the +7 flail of Wenooh (weapon) {distort, +Blink rPois Dex+4}
   (You found it on level 7 of the Dungeon)

   It warps and distorts space around it, and may blink, banish, or inflict
   extra damage upon those it strikes.
   Unwielding it can cause banishment or high damage.
   Dex:       It affects your dexterity (+4).
   rPois:     It protects you from poison.
   +Blink:    It lets you blink.
 E - a +5 long sword
 K - a +0 falchion of holy wrath
 L - the +4 falchion "Weph" {protect, rN+ Str-5 Int+5}
   (You found it on level 8 of the Dungeon)

   It grants its wielder temporary protection when it strikes (+7 to AC).
   Str:       It affects your strength (-5).
   Int:       It affects your intelligence (+5).
   rN:        It protects you from negative energy.
 Q - a +2 scimitar of flaming
 X - a +3 great sword of holy wrath
Missiles
 d - 541 stones
 j - 24 poisoned darts
 k - 231 sling bullets
Armour
 F - a +2 pair of gloves (worn)
 G - a +0 kite shield of reflection
 H - a +2 buckler (worn)
 I - a +2 robe of fire resistance (worn)
 R - a +2 cloak (worn)
 Y - a +2 hat (worn)
Magical Staves
 W - a staff of earth
Jewellery
 u - the ring "Widewn" (left hand) {rC+ Will- rCorr Dex+7}
   (You found it on level 4 of the Dungeon)

   [ring of protection from cold]

   Dex:       It affects your dexterity (+7).
   rC:        It protects you from cold.
   rCorr:     It protects you from acid and corrosion.
   Will:      It decreases your willpower.
 x - a +6 ring of intelligence (right hand)
 y - an amulet of magic regeneration
 D - an amulet of regeneration
 O - an amulet of reflection (around neck)
 U - a ring of magical power
Wands
 a - a wand of paralysis (4)
 f - a wand of charming (3)
 h - a wand of polymorph (18)
 A - a wand of mindburst (5)
 M - a wand of iceblast (19)
 P - a wand of flame (36)
Scrolls
 i - 9 scrolls of teleportation
 l - 2 scrolls of silence
 m - 5 scrolls of enchant weapon
 n - 4 scrolls of enchant armour
 p - 4 scrolls of amnesia
 q - 5 scrolls of vulnerability
 r - 2 scrolls of fear
 t - 3 scrolls of immolation
 v - 3 scrolls of fog
 C - 2 scrolls of blinking
 V - a scroll of torment
Potions
 c - 8 potions of curing
 e - 2 potions of attraction
 o - 4 potions of berserk rage
 w - a potion of haste
 z - 5 potions of ambrosia
 B - 3 potions of lignification
 J - 6 potions of mutation
 N - 5 potions of brilliance
 S - 3 potions of might
 T - a potion of invisibility {unknown}
Miscellaneous
 g - a tin of tremorstones (1/2)


   Skills:
 + Level 10.2 Fighting
 - Level 6.6 Maces & Flails
 + Level 11.3 Dodging
 - Level 6.0 Stealth
 * Level 7.1 Shields
 * Level 10.4 Spellcasting
 * Level 8.4 Conjurations
 - Level 9.0 Hexes
 - Level 14.2 Summonings
 + Level 8.6 Necromancy
 * Level 7.5 Fire Magic
 - Level 9.5 Ice Magic
 - Level 6.0 Air Magic
 + Level 6.0 Earth Magic


You had 3 spell levels left.
You knew the following spells:

 Your Spells              Type           Power      Damage    Failure   Level
a - Freeze                Ice            100%       1d11      1%          1
b - Frozen Ramparts       Ice            100%       1d12      1%          3
c - Poisonous Vapours     Pois/Air       58%        N/A       1%          2
d - Summon Mana Viper     Hex/Summ       65%        N/A       1%          5
e - Shock                 Conj/Air       100%       1d9       1%          1
f - Ozocubu's Armour      Ice            58%        N/A       1%          3
g - Stone Arrow           Conj/Erth      100%       3d13      1%          3
h - Borgnjor's Vile Clut  Necr/Erth      25%        N/A       8%          5
i - Sticky Flame          Conj/Fire      53%        2d7       1%          4
j - Starburst             Conj/Fire      26%        6d8       9%          6

Your spell library contained the following spells:

 Spells                   Type           Power      Damage    Failure   Level
 Ozocubu's Refrigeration  Ice            29%        4d10      24%         7
 Slow                     Hex            100%       N/A       1%          1
 Call Canine Familiar     Summ           73%        N/A       1%          3
 Confusing Touch          Hex            57%        N/A       1%          3
 Dazzling Flash           Conj/Hex       100%       N/A       1%          3
 Inner Flame              Hex/Fire       54%        N/A       1%          3
 Vampiric Draining        Necr           55%        2d9       1%          3
 Portal Projectile        Hex/Tloc       74%        N/A       2%          3
 Beastly Appendage        Tmut           26%        N/A       5%          1
 Wereblood                Tmut           13%        N/A       9%          2
 Spider Form              Tmut/Pois      13%        N/A       16%         3
 Cause Fear               Hex            28%        N/A       1%          4
 Dispel Undead            Necr           55%        3d20      1%          4
 Hailstorm                Conj/Ice       57%        3d12      1%          4
 Leda's Liquefaction      Hex/Erth       26%        N/A       2%          4
 Metabolic Englaciation   Hex/Ice        29%        N/A       3%          5
 Agony                    Necr           55%        N/A       4%          5
 Silence                  Hex/Air        25%        N/A       7%          5
 Petrify                  Tmut/Erth      29%        N/A       16%         4
 Death Channel            Necr           27%        N/A       24%         6
 Summon Horrible Things   Summ           36%        N/A       71%         8
 Statue Form              Tmut/Erth      19%        N/A       94%         6
 Discord                  Hex            28%        N/A       100%        8


Dungeon Overview and Level Annotations

Branches:
Dungeon (10/15)            Temple (1/1) D:5            Lair (6/6) D:10
  Swamp (3/4) Lair:2       Spider (4/4) Lair:3        Slime (0/5) Lair:5
    Orc (2/2) D:10            Elf (0/3) Orc:2

Altars:
Ashenzari
Cheibriados
Elyvilon
Fedhas
Hepliaklqana
Kikubaaqudgha
Makhleb
Nemelex Xobeh
Okawaru
Ru
Sif Muna
Vehumet
Wu Jian
Xom
Yredelemnul
Zin
The Shining One
Beogh

Shops:
D:4 (   D:9 :   Orc:2 *[=!

Annotations:
D:5 2 runed translucent doors, psuckher's ghost, weakling BaDe
D:6 nameless
D:9 2 runed translucent doors, 2 transporters, gimp's ghost, journeyman OgWz
Swamp:3 Mlioglotl
Spider:2 1 runed translucent door, Zogeunol's ghost, adept VSFi
Orc:2 1 runed translucent door


Innate Abilities, Weirdness & Mutations

You have a beak for a mouth.
You have claws for feet.
Your magical nature lets you fly swiftly and evasively.


Message History

You partially resist.
You fly upwards.
You feel very sick.
There is a stone staircase leading down here.
Casting: Starburst (dangerous; 9% risk of failure)
Confirm with . or Enter, or press ? or * to list all spells.
Aiming: Sticky Flame (mildly dangerous; 1% risk of failure)
Press: ? - help, Shift-Dir - straight line, f - fenstrider witch
Aim: a fenstrider witch, wearing a +0 robe (100% to hit)
The sticky flame hits the fenstrider witch!
The fenstrider witch is lightly wounded.
The fenstrider witch is covered in liquid flames!
You feel sick.
The flames covering the fenstrider witch go out.
The fenstrider witch stops burning.
The fenstrider witch is engulfed in a cloud of scalding steam.
The fenstrider witch points at you and mumbles some strange words.
Your body is wracked with pain!
You feel sick.
You feel sick.
The fenstrider witch gestures at you while chanting.
You suddenly lose the ability to move!
You feel sick. The fenstrider witch hits you!
* * * LOW HITPOINT WARNING * * *
The fenstrider witch kicks you but does no damage.
You feel sick.
The fenstrider witch is engulfed in a cloud of scalding steam.
The fenstrider witch gestures at you while chanting.
The toxic sludge hits you!
You are more poisoned.
You partially resist.
* * * LOW HITPOINT WARNING * * *
The fenstrider witch points at you and mumbles some strange words.
You barely resist.
* * * LOW HITPOINT WARNING * * *
You feel very sick. The fenstrider witch hits you.
* * * LOW HITPOINT WARNING * * *
The fenstrider witch kicks you but does no damage.
You die...

♣♣♣ ♣♣≈♣♣ ♣♣♣ ♣ ♣♣.≈.♣♣♣.♣♣
♣♣ ♣♣♣♣♣>≈≈♣♣♣.≈.♣ ♣≈
♣≈≈♣≈H≈♣♣♣♣≈♣.♣♣♣♣ ♣♣
♣♣≈≈@≈♣♣♣♣.≈≈..♣.♣ ♣
♣♣♣.≈.≈...♣.♣.≈.♣♣ ♣
♣♣.♣≈≈≈≈≈≈.♣.§≈.♣ ♣
♣.♣♣≈≈≈≈≈≈≈♣...♣♣ ♣♣♣
♣♣>♣♣.≈..≈≈♣...♣ ♣♣.♣♣♣
♣.≈...≈♣≈....♣♣ ♣...≈♣♣
♣♣.≈...≈♣≈.≈...♣
♣♣≈...♣♣♣♣♣......♣♣♣.♣...♣
♣♣....♣≈♣♣......≈.♣♣.≈≈.§.♣♣♣


You could see a fenstrider witch.

Vanquished Creatures
  Jorgrun (Swamp:1)
  A tentacled monstrosity (Swamp:3)
  Agnes (Spider:3)
  Donald (Spider:3)
  An emperor scorpion (Spider:4)
  Aizul (Spider:3)
  2 orc warlords (Orc:2)
  3 ghost moths (Spider:4)
  2 entropy weavers
  An eleionoma (Swamp:3)
  2 spark wasps
  4 hydras
  5 boulder beetles
  A radroach (Spider:4)
  A jorogumo (Spider:4)
  4 alligators
  4 two-headed ogres
  3 death yaks (Lair:6)
  Urug (Lair:3)
  5 pharaoh ants
  2 goliath frogs
  4 steelbarb worms
  A swamp dragon (Swamp:2)
  3 orb spiders
  A bog body (Swamp:1)
  A lindwurm (Lair:6)
  2 wolf spider zombies (D:8)
  2 orc sorcerers (Orc:2)
  17 wolf spiders
  A cyclops (D:10)
  A moth of wrath (Spider:4)
  13 elephants
  Maurice (D:8)
  6 black mambas
  3 centaur zombies
  Joseph (D:7)
  3 centaur skeletons (D:8)
  2 torpor snails
  8 cane toads
  An efreet (D:10)
  7 komodo dragons
  3 rime drakes
  2 hellwings (D:8)
  9 demonic crawlers
  3 trolls
  3 meliai
  A bloated husk (Swamp:3)
  5 tyrant leeches
  6 polar bears
  22 tarantellas
  14 blink frogs
  21 hornets
  A meliai zombie (D:8)
  30 jumping spiders
  2 shadows (D:10)
  16 spriggans
  2 wyverns
  7 culicivoras
  38 yaks
  A steam dragon (D:7)
  A basilisk (Lair:4)
  48 redbacks
  7 wargs
  9 swamp worms
  13 water moccasins
  A swamp drake (D:10)
  7 orc warriors
  2 sky beasts
  2 ice beasts
  5 black bears
  2 necrophages
  6 ogres
  3 centaurs
  4 boggarts (Lair:6)
  25 wolves
  2 kobold brigands (D:9)
  A nameless horror (D:10)
  6 bullfrogs
  2 scorpions
  9 killer bees
  An electric eel (Lair:5)
  4 wights
  A vampire bat (D:3)
  A crimson imp (Spider:4)
  5 howler monkeys
  A bullfrog zombie (D:5)
  5 hounds
  A bullfrog skeleton (D:6)
  8 orc priests
  2 iguanas
  25 orc wizards
  3 hell rats (Lair:4)
  A hound skeleton (D:4)
  A howler monkey zombie (D:7)
  8 gnolls
  5 adders
  5 river rats (Lair:4)
  5 shadow imps
  3 white imps
  An ufetubus (D:4)
  An adder skeleton (D:5)
  2 worms
  3 dart slugs
  3 fire bats (D:3)
  56 orcs
  2 spectral bats (D:3)
  23 bats
  4 bat skeletons (D:3)
  5 bat zombies (D:3)
  5 endoplasms
  3 giant cockroaches
  2 hobgoblins
  2 jackals (D:3)
  6 quokkas
  3 ball pythons
  A bat simulacrum (D:3)
  6 frilled lizards
  7 goblins
  12 kobolds
  14 rats
711 creatures vanquished.

Vanquished Creatures (collateral kills)
  2 emperor scorpions (Spider:4)
  A ghost moth (Spider:1)
  An eleionoma (Swamp:3)
  A spark wasp (Spider:4)
  A shambling mangrove (Swamp:3)
  2 jorogumos (Spider:2)
  4 hydras
  A radroach (Spider:4)
  A ghost crab (Swamp:3)
  2 alligators
  A two-headed ogre (Orc:2)
  A death scarab (Spider:4)
  5 pharaoh ants
  2 goliath frogs (Swamp:1)
  A sun moth (Spider:3)
  9 orb spiders
  A bog body (Swamp:3)
  A swamp dragon (Swamp:3)
  5 wolf spiders
  4 orc sorcerers (Orc:2)
  2 will-o-the-wisps
  5 elephants
  A moth of wrath (Spider:1)
  2 cane toads (Lair:2)
  A torpor snail (Spider:1)
  2 rime drakes (Lair:1)
  2 demonic crawlers
  2 komodo dragons
  A troll (Orc:1)
  2 hornets (Swamp:3)
  3 tarantellas
  2 tyrant leeches
  2 dream sheep (Lair:6)
  3 blink frogs
  7 jumping spiders
  3 culicivoras
  8 spriggans
  7 yaks
  A fire elemental (Orc:2)
  15 redbacks
  2 vampire mosquitoes (D:10)
  A basilisk (Lair:6)
  2 wargs (Orc:2)
  3 swamp worms
  A water moccasin (Lair:2)
  5 orc warriors
  A swamp drake (Swamp:3)
  3 ogres
  3 wolves
  A centaur (D:9)
  A phantom (D:7)
  A wyvern zombie (D:7)
  6 wights
  8 orc priests
  15 orc wizards
  3 hell rats (Lair:4)
  16 orcs
  A rat (Lair:4)
190 creatures vanquished.

Vanquished Creatures (others)
  A wolf spider (Spider:4)
  6 bloated husks
  An orc wizard (Orc:2)
  A howler monkey skeleton (D:7)
  3 foxfires (Swamp:3)
  33 fungi
  32 plants
  3 withered plants (D:8)
80 creatures vanquished.

Grand Total: 981 creatures vanquished

Notes
Turn   | Place    | Note
-------+----------+-------------------------------------------
     0 | D:1      | a3don the Tengu Ice Elementalist began the quest for the
                  | Orb.
     0 | D:1      | Reached XP level 1. HP: 10/10 MP: 4/4
    77 | D:1      | Found a faded altar of an unknown god.
   272 | D:1      | Reached XP level 2. HP: 16/16 MP: 6/6
   438 | D:1      | You fall into a shaft and drop 1 floor!
   529 | D:2      | Reached XP level 3. HP: 14/20 MP: 3/7
   533 | D:2      | Learned a level 3 spell: Frozen Ramparts
   635 | D:2      | Reached skill level 1 in Fighting
  1142 | D:2      | Reached XP level 4. HP: 16/25 MP: 4/8
  1848 | D:3      | Noticed a sky beast
  1858 | D:3      | Killed a sky beast
  1859 | D:3      | Gained mutation: Your magical nature lets you fly swiftly
                  | and evasively. [Tengu growth]
  1859 | D:3      | Reached XP level 5. HP: 11/30 MP: 0/10
  2050 | D:2      | Learned a level 3 spell: Ozocubu's Armour
  2639 | D:3      | Got the Almanac of the Twisted Escort
  2881 | D:3      | Reached XP level 6. HP: 35/35 MP: 7/11
  2959 | D:3      | Reached skill level 1 in Summonings
  3465 | D:3      | Found an ancient bone altar of Kikubaaqudgha.
  3612 | D:4      | Reached skill level 1 in Hexes
  3907 | D:4      | Found a white marble altar of Elyvilon.
  3987 | D:4      | Reached skill level 2 in Summonings
  3987 | D:4      | Reached XP level 7. HP: 38/40 MP: 4/12
  4123 | D:4      | Identified the ring "Widewn" {rC+ Will- rCorr Dex+7}
  4191 | D:4      | Found Asi Vean's Weapon Shoppe.
  4704 | D:5      | Entered Level 5 of the Dungeon
  4709 | D:5      | Reached skill level 3 in Summonings
  4768 | D:5      | Found a shimmering altar of Xom.
  4790 | D:5      | Reached XP level 8. HP: 36/46 MP: 4/14
  4953 | D:5      | Found a glowing golden altar of the Shining One.
  4953 | D:5      | Found a snail-covered altar of Cheibriados.
  4975 | D:5      | Found a basalt altar of Yredelemnul.
  5193 | D:5      | Found a large runed translucent door.
  5195 | D:5      | Found a large runed translucent door.
  5198 | D:5      | Found a staircase to the Ecumenical Temple.
  5206 | Temple   | Entered the Ecumenical Temple
  5332 | Temple   | Became a worshipper of Vehumet
  5613 | D:5      | Reached skill level 4 in Summonings
  6301 | D:5      | Reached skill level 5 in Ice Magic
  6568 | D:5      | Noticed psuckher's ghost (weakling BaDe)
  6825 | D:6      | Reached skill level 5 in Summonings
  6825 | D:6      | Reached XP level 9. HP: 9/52 MP: 14/16
  7116 | D:6      | Reached skill level 5 in Dodging
  7236 | D:6      | Learned a level 5 spell: Summon Mana Viper
  7276 | D:6      | Noticed a nameless horror
  7692 | D:7      | Found a blossoming altar of Fedhas.
  7724 | D:7      | Noticed Joseph
  7753 | D:7      | Killed Joseph
  7754 | D:7      | Reached skill level 5 in Stealth
  7754 | D:7      | Reached skill level 6 in Summonings
  8741 | D:7      | Identified the +7 flail of Wenooh {distort, +Blink rPois
                  | Dex+4}
  9356 | D:7      | Found a shimmering blue altar of Sif Muna.
  9685 | D:8      | Reached skill level 1 in Maces & Flails
  9692 | D:8      | Noticed Maurice
  9709 | D:8      | Killed Maurice
  9710 | D:8      | Reached skill level 7 in Summonings
  9710 | D:8      | Reached XP level 10. HP: 31/58 MP: 0/18
 10131 | D:8      | Reached skill level 5 in Spellcasting
 10257 | D:8      | Reached skill level 5 in Fighting
 10504 | D:8      | Reached * piety under Vehumet
 10504 | D:8      | Offered knowledge of Shock by Vehumet.
 10505 | D:8      | Reached skill level 5 in Hexes
 10505 | D:8      | Reached skill level 8 in Summonings
 11063 | D:8      | Reached XP level 11. HP: 46/64 MP: 6/20
 11144 | D:8      | Learned a level 1 spell: Shock
 11276 | D:8      | Identified the +4 falchion "Weph" {protect, rN+ Str-5
                  | Int+5}
 11492 | D:8      | Noticed a two-headed ogre
 11496 | D:8      | Killed a two-headed ogre
 11890 | D:8      | Reached skill level 9 in Summonings
 12159 | D:9      | Offered knowledge of Poisonous Vapours by Vehumet.
 12164 | D:9      | Reached ** piety under Vehumet
 12232 | D:9      | Learned a level 2 spell: Poisonous Vapours
 12244 | D:9      | Found a runed translucent door.
 12249 | D:9      | Found a runed translucent door.
 12268 | D:9      | Found Bipixugy's Book Shoppe.
 12270 | D:9      | Noticed a two-headed ogre
 12280 | D:9      | Killed a two-headed ogre
 12350 | D:9      | Noticed a two-headed ogre
 12367 | D:9      | Killed a two-headed ogre
 12368 | D:9      | Reached skill level 1 in Air Magic
 12807 | D:9      | Found a transporter.
 12809 | D:9      | Noticed gimp's ghost (journeyman OgWz)
 12811 | D:9      | Noticed a moth of wrath
 12833 | D:9      | Found a transporter.
 13218 | D:9      | Found a glowing silver altar of Zin.
 13308 | D:10     | Entered Level 10 of the Dungeon
 13308 | D:10     | Noticed a cyclops
 13318 | D:10     | Killed a cyclops
 14042 | D:10     | Offered knowledge of Searing Ray by Vehumet.
 14103 | D:10     | Found a staircase to the Lair.
 14362 | D:10     | Reached skill level 10 in Summonings
 14595 | D:10     | Reached XP level 12. HP: 70/70 MP: 4/22
 14713 | D:10     | Found a staircase to the Orcish Mines.
 14730 | D:10     | Reached *** piety under Vehumet
 14934 | Lair:1   | Entered Level 1 of the Lair of Beasts
 15044 | Lair:1   | Reached skill level 1 in Necromancy
 15244 | Lair:1   | Reached skill level 1 in Earth Magic
 15621 | Lair:1   | Reached skill level 5 in Maces & Flails
 15632 | Lair:1   | Offered knowledge of Stone Arrow by Vehumet.
 15643 | Lair:1   | Learned a level 3 spell: Stone Arrow
 16443 | Lair:2   | Noticed a four-headed hydra
 16445 | Lair:2   | Noticed a five-headed hydra
 16459 | Lair:2   | Killed a four-headed hydra
 16461 | Lair:2   | Killed a five-headed hydra
 16634 | Lair:2   | Found a staircase to the Swamp.
 16854 | Lair:2   | Noticed a five-headed hydra
 16878 | Lair:2   | Killed a five-headed hydra
 16890 | Lair:2   | Reached **** piety under Vehumet
 16891 | Lair:2   | Reached skill level 11 in Summonings
 17764 | Lair:3   | Noticed Urug
 17790 | Lair:3   | Killed Urug
 17791 | Lair:3   | Reached XP level 13. HP: 35/76 MP: 4/24
 18099 | Lair:3   | Reached skill level 5 in Air Magic
 18653 | Lair:3   | Found a hole to the Spider Nest.
 18724 | Lair:3   | Offered knowledge of Fireball by Vehumet.
 20353 | Lair:4   | Learned a level 5 spell: Borgnjor's Vile Clutch
 20825 | Lair:5   | Reached skill level 12 in Summonings
 20863 | Lair:5   | Found a staircase to the Slime Pits.
 20877 | Lair:5   | You are sucked into a shaft and drop 1 floor!
 20877 | Lair:6   | Entered Level 6 of the Lair of Beasts
 21082 | Lair:6   | Reached ***** piety under Vehumet
 21155 | Lair:6   | Offered knowledge of Sticky Flame by Vehumet.
 21417 | Lair:6   | Reached XP level 14. HP: 83/83 MP: 11/26
 21430 | Lair:6   | Learned a level 4 spell: Sticky Flame
 21499 | Lair:6   | Reached skill level 1 in Fire Magic
 22352 | Lair:6   | Reached skill level 5 in Necromancy
 23747 | Lair:6   | Identified the +10 dire flail of Ufakep {venom, SInv}
 23832 | Lair:6   | Got Duottock's Last Compendium of the Archmage
 25472 | Swamp:1  | Entered Level 1 of the Swamp
 25520 | Swamp:1  | Noticed Jorgrun
 25534 | Swamp:1  | Killed Jorgrun
 25535 | Swamp:1  | Reached skill level 13 in Summonings
 25836 | Swamp:1  | Offered knowledge of Irradiate by Vehumet.
 26293 | Swamp:1  | Reached XP level 15. HP: 71/89 MP: 13/28
 27664 | Swamp:2  | Identified the +0 chain mail of the Assorted Towns {rCorr}
 29109 | Orc:1    | Entered Level 1 of the Orcish Mines
 29329 | Orc:2    | Entered Level 2 of the Orcish Mines
 29402 | Orc:2    | Found Bewkeof's Distillery.
 29636 | Orc:2    | Bought a potion of might for 48 gold pieces
 29827 | Orc:2    | Paralysed by an orc sorcerer for 7 turns
 30031 | Orc:2    | Reached skill level 1 in Shields
 30978 | Orc:2    | Found Raol's Antique Armour Emporium.
 30978 | Orc:2    | Found Kaiwk's Jewellery Boutique.
 31206 | Orc:2    | Found a staircase to the Elven Halls.
 31261 | Orc:2    | Reached skill level 10 in Dodging
 31401 | Orc:2    | Noticed an orc warlord
 31410 | Orc:2    | Killed an orc warlord
 31425 | Orc:2    | Offered knowledge of Lee's Rapid Deconstruction by Vehumet.
 31544 | Orc:2    | Found Zohogu Xympo's Antique Armour Emporium.
 31544 | Orc:2    | Found Roloopn's General Store.
 31841 | Orc:2    | Noticed an orc warlord
 31874 | Orc:2    | Killed an orc warlord
 32019 | Orc:2    | Found a runed translucent door.
 32391 | Spider:1 | Entered Level 1 of the Spider Nest
 33834 | Spider:1 | Reached skill level 14 in Summonings
 33981 | Spider:1 | Reached skill level 1 in Conjurations
 34239 | Spider:1 | Killed a ghost moth
 35167 | Spider:1 | You are sucked into a shaft and drop 1 floor!
 35318 | Spider:2 | Reached skill level 5 in Earth Magic
 35973 | Spider:2 | Reached XP level 16. HP: 59/93 MP: 0/29
 37132 | Spider:2 | Found a runed translucent door.
 37138 | Spider:2 | Noticed Zogeunol's ghost (adept VSFi)
 37958 | Spider:2 | Upgraded the game from 0.28-a0-1567-g1695149f81 to
                  | 0.28-a0-1594-ga885d4b3d6
 38679 | Spider:3 | Noticed Aizul
 38700 | Spider:3 | Killed Aizul
 38717 | Spider:3 | Noticed Donald
 38897 | Spider:3 | Killed Donald
 39872 | Spider:3 | Offered knowledge of Starburst by Vehumet.
 39944 | Spider:3 | Learned a level 6 spell: Starburst
 39965 | Spider:3 | Reached skill level 5 in Conjurations
 40515 | Spider:4 | Entered Level 4 of the Spider Nest
 40688 | Spider:4 | Reached skill level 5 in Shields
 40688 | Spider:4 | Reached skill level 5 in Fire Magic
 40944 | Spider:3 | Noticed Agnes
 40953 | Spider:3 | Killed Agnes
 42075 | Spider:4 | Offered knowledge of Ozocubu's Refrigeration by Vehumet.
 42424 | Spider:4 | Reached XP level 17. HP: 95/101 MP: 16/31
 43040 | Spider:4 | Reached skill level 10 in Spellcasting
 43546 | Spider:4 | Reached skill level 10 in Fighting
 45606 | Spider:4 | Got a gossamer rune of Zot
 46568 | Swamp:3  | Noticed a tentacled monstrosity
 46578 | Swamp:3  | Killed a tentacled monstrosity
 48005 | Swamp:3  | Noticed Mlioglotl
 48546 | Swamp:2  | Paralysed by a fenstrider witch for 7 turns
 48548 | Swamp:2  | HP: 5/102 [fenstrider witch/toxic sludge (17)]
 48549 | Swamp:2  | HP: 2/102 [fenstrider witch (1)]
 48550 | Swamp:2  | Succumbed to a fenstrider witch's toxic sludge

Illustrated notes

Levels and vault maps discovered:
D:1:      wheals_arrival_linesprint, layout_basic,
          shapermc_ecumenical_altar_mp_urbaneastern
D:2:      minmay_skewed_foursquare, layout_loops_cross
D:3:      layout_rooms, kennysheep_vampire_church, goddamned_bats
D:4:      layout_cave_pods, elyvilon_altar_5, serial_shops,
          nicolae_shop_bloodbath_and_beyond, amcnicky_mini_corridor_feature,
          amcnicky_mini_rare_corridor_liquid, minmay_checkerbox
D:5:      layout_basic, grunt_temple_overflow_open,
          minmay_temple_entry_junction, ebering_ghost_disaster_area
D:6:      layout_cave_pods, hangedman_decor_push
D:7:      layout_loops_corners, mainiacjoe_overflow_alcove_2,
          mainiacjoe_overflow_alcove_4, lemuel_flamethrower_2, uniq_joseph
D:8:      cheibrodos_grave_circle, layout_gridville, uniq_maurice
D:9:      lemuel_insect_pit, layout_long_grid, zin_scriptorium, serial_shops,
          nicolae_shop_advertising_works [nicolae_subvault_shop_adworks],
          gammafunk_ghost_berserking_beasts, kennysheep_path_1
D:10:     layout_long_grid, lair_entry_dummy, erik_orc_1
Temple:   nicolae_temple_figure_eight
Lair:1:   layout_loops_ring, beast_lair_carwin_5, lemuel_fruit_tree
Lair:2:   layout_misc_corridors, minmay_swamp_entry_worms
Lair:3:   layout_chaotic_city, spider_nest_entry_a, nzn_sisyphean_effort,
          uniq_urug
Lair:4:   layout_cave_pods, kennysheep_abandoned_house
Lair:5:   layout_loops_ring, slime_dummy, gammafunk_lair_bear_cave
Lair:6:   minmay_lair_end_enchanted_forest, layout_regular_city,
          nicolae_volcano_entry_s_turn
Swamp:1:  layout_basic_swamp, serial_swamp_ruin, evilmike_swamp_ruin_house_1,
          evilmike_swamp_ruin_wall, evilmike_swamp_ruin_house_3, swamp_pool4,
          uniq_jorgrun
Swamp:2:  layout_falls_marsh, evilmike_swamp_ruin_rubble_1, swamp_pool1
Swamp:3:  nicolae_swamp_husk_halls, layout_falls_marsh,
          hangedman_swamp_ruin_wall, uniq_mlioglotl
Spider:1: layout_spider_delve
Spider:2: layout_cave_pods, hellmonk_ghost_happy_afterlife
Spider:3: layout_spider_delve, uniq_donald, uniq_agnes, uniq_aizul
Spider:4: grunt_spider_rune_parallel, nicolae_crawler_farm
Orc:1:    layout_caves
Orc:2:    st_orc_town, layout_caves, serial_shops, shop, nicolae_orc_lava_tube,
          lightli_church_of_beogh

Skill      XL: |  1  2  3  4  5  6  7  8  9 10 11 12 13 14 15 16 17 |
---------------+----------------------------------------------------+-----
Fighting       | 1 2 3 4 5 6 7 8 9 10 | 10.2
Ice Magic      | 4 5 6 7 8 9 |  9.5
Dodging        | 3 4 5 6 7 8 9 10 11 | 11.3
Stealth        | 3 4 5 6 |  6.0
Spellcasting   | 3 4 5 6 7 8 9 10 | 10.4
Summonings     | 2 3 5 7 8 10 11 12 13 14 | 14.2
Hexes          | 1 2 3 4 5 6 7 8 9 |  9.0
Maces & Flails | 1 3 4 5 6 |  6.6
Air Magic      | 2 4 6 |  6.0
Necromancy     | 2 4 5 7 8 |  8.6
Earth Magic    | 2 3 4 5 6 |  6.0
Fire Magic     | 4 6 7 |  7.5
Shields        | 3 5 7 |  7.1
Conjurations   | 2 6 8 |  8.4

Action                   |  1- 3 |  4- 6 |  7- 9 | 10-12 | 13-15 | 16-18 || total
-------------------------+-------+-------+-------+-------+-------+-------++-------
Melee: Falchion          |       |    49 |   135 |       |       |       ||   184
       Peck              |       |    13 |    38 |    43 |   121 |    96 ||   311
       Kick              |       |    14 |    62 |    58 |   183 |   126 ||   443
       Punch             |       |       |     4 |     2 |    10 |       ||    16
       Flail             |       |       |    22 |   184 |   490 |   304 ||  1000
       Unarmed           |       |       |     6 |       |       |       ||     6
 Fire: Hunting sling     |    66 |    64 |    69 |       |       |       ||   199
Throw: Stone             |       |       |     1 |     5 |       |       ||     6
 Cast: Freeze            |    21 |    36 |    43 |    58 |    30 |     1 ||   189
       Frozen Ramparts   |     1 |     9 |    18 |    49 |   105 |    27 ||   209
       Ozocubu's Armour  |       |       |     7 |    24 |    50 |    14 ||    95
       Summon Mana Viper |       |       |     4 |    34 |    99 |    75 ||   212
       Shock             |       |       |       |    29 |    31 |     2 ||    62
       Poisonous Vapours |       |       |       |    20 |   219 |   180 ||   419
       Stone Arrow       |       |       |       |     2 |    21 |    14 ||    37
       Sticky Flame      |       |       |       |       |    24 |    29 ||    53
       Borgnjor's Vile C |       |       |       |       |    27 |    62 ||    89
       Starburst         |       |       |       |       |       |     2 ||     2
 Abil: Evoke Blink       |       |       |       |       |       |     1 ||     1
Evoke: Wand              |       |       |     1 |       |       |     7 ||     8
       Tin of tremorston |       |       |       |       |       |     2 ||     2
  Use: Scroll            |       |       |     4 |     3 |    17 |     8 ||    32
       Potion            |       |       |     2 |     3 |     2 |     5 ||    12
 Stab: Sleeping          |       |     2 |     6 |     1 |       |       ||     9
       Distracted        |       |       |     1 |     1 |     4 |     4 ||    10
Armor: Robe              |     3 |    50 |    33 |    63 |   128 |   112 ||   389
Dodge: Dodged            |    19 |   165 |   196 |   332 |   571 |   500 ||  1783
Block: Other             |       |       |       |    20 |   102 |       ||   122
       Buckler           |       |       |       |       |    27 |   370 ||   397
       Reflection        |       |       |       |       |     1 |     1 ||     2

Table legend: (Time is in decaauts)
 A = Elapsed time spent in this place.
 B = Non-inter-level travel time spent in this place.
 C = Inter-level travel time spent in this place.
 D = Time resting spent in this place.
 E = Time spent auto-exploring this place.
 F = Levels seen in this place.
 G = Mean time per level.
                   A        B        C        D        E       F      G
               +--------+--------+--------+--------+--------+-----+--------+
         Total |  47047 |  45278 |   1769 |  19484 |  17407 |  26 | 1809.5 |
       Dungeon |  14424 |  13849 |    575 |   4184 |   7082 |  10 | 1442.4 |
        Temple |    141 |    120 |     21 |      0 |    116 |   1 |  141.0 |
          Lair |  10317 |   9878 |    439 |   2768 |   5236 |   6 | 1719.5 |
         Swamp |   5957 |   5812 |    145 |   3506 |   1511 |   3 | 1985.7 |
   Spider Nest |  13204 |  12672 |    532 |   7880 |   2431 |   4 | 3301.0 |
  Orcish Mines |   3002 |   2947 |     55 |   1145 |   1029 |   2 | 1501.0 |
               +--------+--------+--------+--------+--------+-----+--------+

Top non-repeatable levels by time:
Spider:4: 3894 daAuts
  Lair:6: 3562 daAuts
Spider:2: 3404 daAuts
Spider:1: 3370 daAuts
Spider:3: 2535 daAuts
   Orc:2: 2400 daAuts
     D:8: 2381 daAuts
 Swamp:2: 2190 daAuts
 Swamp:1: 2149 daAuts
     D:7: 1967 daAuts
     D:5: 1809 daAuts
    D:10: 1684 daAuts
 Swamp:3: 1618 daAuts
  Lair:3: 1595 daAuts
  Lair:4: 1407 daAuts
